 Dungeon Crawl Stone Soup version 0.23-a0-612-gcb482e9 (webtiles) character file.

45 Mgcat the Chopper (level 3, 0/31 HPs)
             Began as a Hill Orc Gladiator on Dec 21, 2018.
             Succumbed to an adder's poison
             ... on level 2 of the Dungeon.
             The game lasted 00:02:25 (858 turns).

Mgcat the Chopper (Hill Orc Gladiator)               Turns: 858, Time: 00:02:25

Health: 0/31       AC: 13    Str: 17    XL:     3   Next: 64%
Magic:  3/3        EV:  5    Int:  8    God:
Gold:   58         SH:  0    Dex: 12    Spells: 2/2 levels left

rFire    . . .     SeeInvis .   a - +0 war axe
rCold    . . .     Gourm    .   (no shield)
rNeg     . . .     Faith    .   b - +0 plate armour
rPois    .         Spirit   .   c - +0 helmet
rElec    .         Reflect  .   (no cloak)
rCorr    .         Harm     .   (no gloves)
MR       .....                  i - +1 pair of boots
Stlth    ..........             (no amulet)
HPRegen  0.10/turn              (no ring)
MPRegen  0.08/turn              (no ring)

@: lethally poisoned (0 -> -2)
A: no striking features
a: no special abilities


You were on level 2 of the Dungeon.
You were not hungry.

You visited 1 branch of the dungeon, and saw 2 of its levels.

You collected 58 gold pieces.

Inventory:

Hand Weapons
 a - a +0 war axe (weapon)
Missiles
 d - 3 throwing nets {=f, !d}
Armour
 b - a +0 plate armour (worn)
   (You found it on level 1 of the Dungeon)
 c - a +0 helmet (worn)
 i - a +1 pair of boots (worn)
   (You found it on level 1 of the Dungeon)
Scrolls
 e - a scroll of remove curse
Comestibles
 f - a ration


   Skills:
 + Level 3.1 Fighting
 + Level 4.5 Axes
 - Level 1.7 Throwing
 + Level 1.5 Armour
 + Level 2.8 Dodging


You had 2 spell levels left.
You didn't know any spells.
Your spell library was empty.

Dungeon Overview and Level Annotations

Branches:
Dungeon (2/15)

Altars:


Message History

You feel sick. The adder barely misses you. The adder bites you.
You closely miss the adder.
The adder is moderately wounded.
The adder bites you.
You hit the adder but do no damage.
The adder is moderately wounded.
You feel sick. The adder barely misses you.
The adder bites you but does no damage.
You closely miss the adder.
The adder is moderately wounded.
The adder barely misses you. The adder bites you but does no damage.
You hit the adder.
The adder is heavily wounded.
You feel sick. The adder bites you but does no damage.
Your plate armour prevents you from hitting the adder.
The adder is heavily wounded.
The adder bites you but does no damage. x2
You closely miss the adder.
The adder is heavily wounded.
You feel sick.
The adder bites you but does no damage. x2
You hit the adder but do no damage.
The adder is heavily wounded.
The adder barely misses you.
You closely miss the adder.
The adder is heavily wounded.
You feel sick. The adder bites you but does no damage.
The adder barely misses you.
Your plate armour prevents you from hitting the adder.
The adder is heavily wounded.
The adder bites you. The adder bites you but does no damage.
You hit the adder.
You kill the adder!
Your plate armour prevents you from hitting the adder.
You feel sick.
The adder bites you but does no damage. x2
You closely miss the adder.
The adder bites you but does no damage. x2
You closely miss the adder. The adder bites you but does no damage.
You closely miss the adder.
You feel sick.
The adder bites you but does no damage. x2
You closely miss the adder.
The adder bites you but does no damage. x2
You hit the adder.
The adder is moderately wounded.
The adder bites you but does no damage.
You barely miss the adder.
The adder is moderately wounded.
The adder bites you but does no damage. The adder bites you.
You miss the adder.
The adder is moderately wounded.
You feel sick.
You are no longer poisoned.
The adder closely misses you. The adder bites you.
* * * LOW HITPOINT WARNING * * *
You are poisoned.
The adder poisons you!
You aren't carrying any potions.
As you read the scroll of fear, it crumbles to dust.
You assume a fearsome visage.
The adder resists with some effort.
You feel sick. The adder bites you.
* * * LOW HITPOINT WARNING * * *
You slash the adder!
You kill the adder!
* * * LOW HITPOINT WARNING * * *
You feel sick.
You aren't carrying any potions.
As you read the scroll labeled PEOD QEIGY, it crumbles to dust.
It is a scroll of enchant armour.
Your +0 pair of boots glows green for a moment.
As you read the scroll labeled AQOAGI GYBUC, it crumbles to dust.
You feel aware of your surroundings.
It was a scroll of magic mapping.
* * * LOW HITPOINT WARNING * * *
You feel sick.
Unknown command.
Unknown command.
Unknown command.
Unknown command.
You see here an adder corpse.
Unknown command.
Unknown command.
You butcher the adder corpse.
Things that are here:
a chunk of flesh {@w0}; an adder skeleton Sorry, you're not good enough to have a special ability.
Okay, then.
Unknown command.
Sorry, you're not good enough to have a special ability.
Sorry, you're not good enough to have a special ability.
Unknown command.
You aren't carrying any potions.
Unknown command.
Unknown command.
* * * LOW HITPOINT WARNING * * *
You feel sick.
Unknown command.
Unknown command.
There is a lethal amount of poison in your body!
Unknown command.
There is a lethal amount of poison in your body!
Unknown command.
* * * LOW HITPOINT WARNING * * *
You feel sick.
You die...

,,*,,,>,***,* *,,,*
*,**, ***,,,,,* #.*
*,*,* *,**, *****,***
#.##***,*,*********,,,,
*,,,,,*
#...,,,,,,,**,,,,,,,,,,
*,*****
#..#,,,,,,,,,,********,
*,* #..#****,,,**** *,
*,* #..# **,#* *, *,*
#..######.# *, *,*
#.....@...# *, *,*
##.######## *, *,* #%#
** *,* #.# * *,* #.# *
*,* #.##### * *,*
#.....# ** *,* #####.#
*, *,* #.# *,


There were no monsters in sight!

Vanquished Creatures
  3 adders (D:2)
  A leopard gecko (D:1)
  A ball python (D:1)
  2 giant cockroaches (D:1)
  4 goblins (D:1)
  A hobgoblin (D:1)
  A bat (D:1)
  A frilled lizard (D:1)
  5 rats (D:1)
19 creatures vanquished.

Notes
Turn   | Place    | Note
-------+----------+-------------------------------------------
     0 | D:1      | Mgcat the Hill Orc Gladiator began the quest for the Orb.
     0 | D:1      | Reached XP level 1. HP: 18/18 MP: 1/1
   178 | D:1      | Reached XP level 2. HP: 24/25 MP: 2/2
   234 | D:1      | Reached skill level 1 in Armour
   598 | D:2      | Reached skill level 3 in Fighting
   598 | D:2      | Reached XP level 3. HP: 11/31 MP: 3/3
   616 | D:2      | HP: 7/31 [poisoned by an adder]
   845 | D:2      | HP: 7/31 [poisoned by an adder]
   846 | D:2      | HP: 3/31 [poisoned by an adder]
   851 | D:2      | HP: 1/31 [poisoned by an adder]
   858 | D:2      | Succumbed to an adder's poison

Vault maps used:
D:1:      elethiomel_arrival_maze, minmay_misc_feat_square
D:2:      first_ration

Skill      XL: |  1  2 |
---------------+-------+-----
Armour         | 1 |  1.5
Fighting       | 3 |  3.1
Axes           | |  4.5
Throwing       | |  1.7
Dodging        | |  2.8

Action                   || total
-------------------------++-------
Melee: War axe           ||    85
  Use: Scroll            ||     5
Armor: Scale mail        ||     8
       Leather armour    ||     2
       Plate armour      ||    50
Dodge: Dodged            ||    28

Table legend:
 A = Non-vault XP
 B = Vault XP
 C = Vault XP percentage of total XP
 D = Non-vault monster count
 E = Vault monster count
 F = Vault count percentage of total count
                 A         B        C        D         E       F
            +---------+---------+-------+---------+---------+-------
      Total |      65 |       0 |   0.0 |      19 |       0 |   0.0
            +---------+---------+-------+---------+---------+-------
        D:1 |      25 |       0 |   0.0 |      16 |       0 |   0.0
        D:2 |      40 |       0 |   0.0 |       3 |       0 |   0.0
            +---------+---------+-------+---------+---------+-------

Vault maps used:
D:1:      elethiomel_arrival_maze, minmay_misc_feat_square
D:2:      first_ration

Table legend:
 A = Turns spent in this place as a percentage of turns spent in the entire game.
 B = Non-inter-level travel turns spent in this place as a percentage of non-inter-level travel turns spent in the entire game.
 C = Inter-level travel turns spent in this place as a percentage of turns spent in this place.
 D = Turns resting spent in this place as a percentage of non-inter-level travel turns spent in this place.
 E = Turns spent auto-exploring this place as a percentage of non-inter-level travel turns spent in this place.
 F = Non-inter-level travel turns spent in this place divided by the number of levels of this place that you've seen.
                   A       B       C       D       E      F
               +-------+-------+-------+-------+-------+----------------------
         Total | 100.0 | 100.0 |   0.9 |   0.0 |  78.1 | 425.0
       Dungeon | 100.0 | 100.0 |   0.9 |   0.0 |  78.1 | 425.0
               +-------+-------+-------+-------+-------+----------------------

Table legend:
 A = Kills in this place as a percentage of kills in entire the game.
 B = Kills by you in this place as a percentage of kills by you in the entire game.
 C = Kills by friends in this place as a percentage of kills by friends in the entire game.
 D = Other kills in this place as a percentage of other kills in the entire game.
 E = Experience gained in this place as a percentage of experience gained in the entire game.
 F = Experience gained in this place divided by the number of levels of this place that you have seen.
                   A       B       C       D       E      F
               +-------+-------+-------+-------+-------+----------------------
         Total | 100.0 | 100.0 |   N/A |   N/A | 100.0 |  32.5
       Dungeon | 100.0 | 100.0 |   N/A |   N/A | 100.0 |  32.5
               +-------+-------+-------+-------+-------+----------------------
